 Dungeon Crawl Stone Soup version 0.26-a0-800-g517d6fe721 (webtiles) character file.

Game seed: 4491799105661009114

1620 pkoi the Carver (level 8, -1/62 HPs)
             Began as a Minotaur Gladiator on Nov 12, 2020.
             Succumbed to an orc's poison
             ... on level 6 of the Dungeon.
             The game lasted 00:06:14 (6247 turns).

pkoi the Carver (Minotaur Gladiator)                Turns: 6247, Time: 00:06:15

Health: -1/62      AC:  7    Str: 21    XL:     8   Next: 64%
Magic:  7/7        EV: 12    Int:  5    God:
Gold:   283        SH:  0    Dex: 16    Spells: 7/7 levels left

rFire    . . .     SeeInvis .   a - +0 long sword
rCold    + . .     Faith    .   (no shield)
rNeg     . . .     Spirit   .   i - +0 ring mail of the Demon Prince {Dex+4} (curse)
rPois    .         Reflect  .   c - +0 hat
rElec    .         Harm     .   l - +0 cloak
rCorr    .         Rampage  .   (no gloves)
MR       .....                  B - +0 pair of boots
Stlth    +.........             (no amulet)
HPRegen  0.20/turn              o - ring of protection from cold
MPRegen  0.10/turn              (no ring)

@: lethally poisoned (-1 -> -18)
A: retaliatory headbutt, horns 2
a: no special abilities


You were on level 6 of the Dungeon.
You visited 1 branch of the dungeon, and saw 6 of its levels.
You also visited: Ossuary.

You collected 283 gold pieces.

Inventory:

Hand Weapons
 a - a +0 long sword (weapon)
Missiles
 d - 3 throwing nets (quivered)
 m - 8 boomerangs
 v - 4 poisoned darts
Armour
 c - a +0 hat (worn)
 i - the cursed +0 ring mail of the Demon Prince (worn) {Dex+4}
   (You found it on level 5 of the Dungeon)

   It affects your dexterity (+4).
   It has a curse placed upon it.
 l - a +0 cloak (worn)
 B - a +0 pair of boots (worn)
Jewellery
 b - an uncursed ring of ice
 o - a ring of protection from cold (left hand)
 u - an uncursed ring of fire
Wands
 r - a wand of polymorph (12)
 t - a wand of acid (7)
Scrolls
 e - 2 scrolls of magic mapping {unknown}
 f - 6 scrolls of identify
 h - a scroll of holy word {unknown}
 k - a scroll of fear {unknown}
 p - 2 scrolls of teleportation
 q - 5 scrolls of remove curse
 w - 4 scrolls of immolation {unknown}
 x - a scroll of fog {unknown}
 y - 3 scrolls of random uselessness {unknown}
 A - a scroll of blinking {unknown}
Potions
 g - 4 potions of curing
 n - a potion of heal wounds
 s - a potion of haste
 z - a potion of berserk rage


   Skills:
 - Level 2.4 Fighting
 + Level 13.1 Long Blades
 - Level 2.0 Throwing
 - Level 3.2 Dodging


You had 7 spell levels left.
You didn't know any spells.
Your spell library contained the following spells:

 Spells                   Type           Power        Failure   Level
 Confusing Touch          Hex            #.......     95%         3
 Gell's Gravitas          Tloc           #.........   95%         3
 Petrify                  Tmut/Erth      #.......     100%        4
 Metabolic Englaciation   Hex/Ice        #.........   100%        5
 Yara's Violent Unravell  Hex/Tmut       #.........   100%        5


Dungeon Overview and Level Annotations

Branches:
Dungeon (6/15)            Ossuary (visited)
 Temple: D:4-7

Altars:
Gozag
Ru
Trog
Uskayaw
Vehumet
Yredelemnul


Innate Abilities, Weirdness & Mutations

You reflexively headbutt those who attack you in melee.
You have a pair of horns on your head.


Message History

You are too injured to fight recklessly!
You are too injured to fight recklessly!
You are too injured to fight recklessly!
You are too injured to fight recklessly!
You are too injured to fight recklessly!
You are too injured to fight recklessly!
You are too injured to fight recklessly!
You feel sick.
The orc hits you from afar with a +0 trident of venom.
* * * LOW HITPOINT WARNING * * *
You are lethally poisoned!
The orc warrior hits you from afar with a +0 glaive!
* * * LOW HITPOINT WARNING * * *
* * * LOW HITPOINT WARNING * * *
You feel sick. The orc misses you.
You see here a potion of heal wounds.
* * * LOW HITPOINT WARNING * * *
You feel sick.
There is a stone staircase leading up here.
You die...

.... #.##.##<.
#...## #........
.#.)...####........
.$................
#.....o...$......
..#...##...........
.......#?#.........
.......o.!<@.......
.##....###.........
#..... ......)....
.......###....._8_.
..(##.. #.........
.. ### #......... .
#....?....
.#..).....


You could see an orc warrior and an orc.

Vanquished Creatures
  Pikel (D:4)
  Duvessa (D:4)
  A phantom (D:4)
  2 ogres
  3 lemures
  Dowan (D:4)
  A centaur zombie (Ossuary)
  A human zombie (Ossuary)
  A hound (D:4)
  Crazy Yiuf (D:4)
  2 orc priests
  4 orc wizards
  4 worker ants
  A hound zombie (D:5)
  5 mummies (Ossuary)
  3 adders
  4 gnolls (D:4)
  2 white imps (D:5)
  2 ufetubi (D:5)
  3 oozes (D:1)
  3 worms
  2 dart slugs
  2 leopard geckos
  14 orcs
  3 ball pythons (D:2)
  A giant cockroach (D:5)
  A gnoll zombie (Ossuary)
  8 goblins
  11 hobgoblins
  9 jackals
  13 kobolds
  3 quokkas (D:2)
  13 bats
  9 frilled lizards
  2 goblin zombies
  2 hobgoblin zombies (Ossuary)
  A kobold zombie (Ossuary)
  An orc zombie (Ossuary)
  A quokka zombie (D:4)
  14 rats
156 creatures vanquished.

Notes
Turn   | Place    | Note
-------+----------+-------------------------------------------
     0 | D:1      | pkoi the Minotaur Gladiator began the quest for the Orb.
     0 | D:1      | Reached XP level 1. HP: 18/18 MP: 0/0
     7 | D:1      | Reached skill level 4 in Long Blades
    53 | D:1      | Reached XP level 2. HP: 23/25 MP: 1/1
   529 | D:1      | Reached skill level 5 in Long Blades
   604 | D:1      | Reached XP level 3. HP: 30/30 MP: 2/2
  1345 | D:2      | Reached skill level 6 in Long Blades
  1345 | D:2      | Reached XP level 4. HP: 34/37 MP: 3/3
  1522 | D:2      | Found a hide-covered altar of Uskayaw.
  2216 | D:3      | Reached skill level 7 in Long Blades
  2216 | D:3      | Reached XP level 5. HP: 30/42 MP: 4/4
  2358 | D:3      | Found a bloodstained altar of Trog.
  2897 | D:4      | Found a sand-covered staircase.
  2905 | Ossuary  | Entered an ossuary
  2945 | Ossuary  | Reached skill level 8 in Long Blades
  2977 | Ossuary  | Reached XP level 6. HP: 22/50 MP: 5/5
  3419 | D:4      | Reached skill level 9 in Long Blades
  3600 | D:4      | Noticed Dowan
  3805 | D:4      | Reached XP level 7. HP: 51/56 MP: 6/6
  3943 | D:4      | Noticed Duvessa
  3973 | D:4      | Reached skill level 10 in Long Blades
  3978 | D:4      | Killed Duvessa
  3982 | D:4      | HP: 2/56 [Dowan/shard of ice (8)]
  3983 | D:4      | Killed Dowan
  4173 | D:4      | Found a runed translucent door.
  4174 | D:4      | Noticed Crazy Yiuf
  4779 | D:5      | Entered Level 5 of the Dungeon
  4793 | D:5      | Reached skill level 11 in Long Blades
  5101 | D:5      | Found a sacrificial altar of Ru.
  5261 | D:5      | Noticed Pikel
  5265 | D:5      | Reached XP level 8. HP: 46/62 MP: 7/7
  5461 | D:4      | Killed Pikel
  5461 | D:4      | Reached skill level 13 in Long Blades
  5724 | D:4      | Killed Crazy Yiuf
  5792 | D:5      | Found an opulent altar of Gozag.
  5998 | D:5      | Got a translucent ring mail
  6009 | D:5      | Identified the cursed +0 ring mail of the Demon Prince
                  | {Dex+4} (You found it on level 5 of the Dungeon)
  6236 | D:6      | Found a basalt altar of Yredelemnul.
  6236 | D:6      | Found a radiant altar of Vehumet.
  6245 | D:6      | HP: 2/62 [poisoned by an orc]
  6247 | D:6      | Succumbed to an orc's poison

Illustrated notes

Levels and vault maps discovered:
D:1:      minmay_arrival_stone_box, layout_basic, minmay_pentomino_v4
D:2:      minmay_razor_zed, layout_rooms, lemuel_coloured_pillars_altar
D:3:      layout_basic, nicolae_overflow_hidden_temple
D:4:      layout_basic, enter_ossuary_4, uniq_duvessa, uniq_crazy_yiuf_cottage
D:5:      layout_gridville, lemuel_round_altar, nicolae_gozag_seed_capital,
          uniq_pikel
D:6:      layout_rooms, cheibriados_altar_1,
          chequers_temple_overflow_statue_of_worship, serial_shops,
          nicolae_shop_statue_plus

Skill      XL: |  1  2  3  4  5  6  7  8 |
---------------+-------------------------+-----
Long Blades    | 4 5 6 7 8 9 11 13 | 13.1
Fighting       | |  2.4
Throwing       | |  2.0
Dodging        | |  3.2

Action                   |  1- 3 |  4- 6 |  7- 9 || total
-------------------------+-------+-------+-------++-------
Melee: Long sword        |    86 |   214 |   130 ||   430
       Headbutt          |    15 |    42 |    23 ||    80
  Use: Scroll            |       |     4 |       ||     4
       Potion            |       |       |     7 ||     7
Armor: Leather armour    |    11 |       |       ||    11
       Plate armour      |    57 |   146 |    77 ||   280
Dodge: Dodged            |    37 |    58 |    41 ||   136
       Rpst.: Long sword |    11 |    19 |     8 ||    38

Table legend: (Time is in decaauts)
 A = Elapsed time spent in this place.
 B = Non-inter-level travel time spent in this place.
 C = Inter-level travel time spent in this place.
 D = Time resting spent in this place.
 E = Time spent auto-exploring this place.
 F = Levels seen in this place.
 G = Mean time per level.
                   A        B        C        D        E       F      G
               +--------+--------+--------+--------+--------+-----+--------+
         Total |   6231 |   5937 |    294 |   1500 |   3440 |   7 |  890.1 |
       Dungeon |   5767 |   5473 |    294 |   1300 |   3275 |   6 |  961.2 |
       Ossuary |    463 |    463 |      0 |    200 |    165 |   1 |  463.0 |
               +--------+--------+--------+--------+--------+-----+--------+

Top non-repeatable levels by time:
     D:4: 1814 daAuts
     D:5: 1050 daAuts
     D:2: 1013 daAuts
     D:3: 962 daAuts
     D:1: 917 daAuts
 Ossuary: 463 daAuts
     D:6: 9 daAuts
